 Dungeon Crawl Stone Soup version 0.31.0-10-gcf4a605ca0 (webtiles) character file.

Game seed: 18232679126417530365

3954 raph the Cleaver (level 10, -3/86 HPs)
             Began as a Hill Orc Berserker on Jan 25, 2024.
             Was a Priest of Trog.
             Slain by a yak (10 damage)
             ... on level 1 of the Lair of Beasts.
             The game lasted 00:11:23 (8344 turns).

raph the Cleaver (Hill Orc Berserker)               Turns: 8344, Time: 00:11:24

Health: -3/86      AC: 12    Str: 21    XL:     10   Next: 21%
Magic:  10/10      EV:  9    Int:  7    God:    Trog [***...]
Gold:   260        SH:  5    Dex: 14    Spells: 9/9 levels left

rFire   + . .        a - +0 war axe
rCold   . . .        n - +0 buckler
rNeg    . . .        t - +0 chain mail
rPois   .            k - +1 helmet
rElec   .            (no cloak)
rCorr   .            (no gloves)
SInv    .            (no boots)
Will    ++...        y - amulet of regeneration Stlth
                     i - ring of protection from fire
HPRegen 2.14/turn    (no ring)
MPRegen 0.12/turn

%: no passive effects
@: strong-willed, regenerating
A: no striking features
a: Renounce Religion, Berserk, Trog's Hand


You were on level 1 of the Lair of Beasts.
You worshipped Trog.
Trog was most pleased with you.
You visited 2 branches of the dungeon, and saw 9 of its levels.
You also visited: Bailey.

You collected 680 gold pieces.
You spent 420 gold pieces at shops.

Inventory:

Hand Weapons
 a - a +0 war axe (weapon)
 b - a +1 hand axe of flaming
Missiles
 d - 23 poisoned darts (quivered)
Armour
 k - a +1 helmet (worn)
 l - a +0 ring mail
 n - a +0 buckler (worn)
 t - a +0 chain mail (worn)
 v - a +1 animal skin
Jewellery
 h - an amulet of magic regeneration
 i - a ring of protection from fire (left hand)
 y - an amulet of regeneration (around neck)
Wands
 p - a wand of acid (7)
 w - a wand of paralysis (7)
Scrolls
 f - a scroll of fear
 r - a scroll of poison
 s - 3 scrolls of teleportation
Potions
 c - 3 potions of brilliance
 e - a potion of cancellation
 g - 3 potions of curing
 j - a potion of haste
 m - a potion of degeneration {unknown}
 o - 2 potions of attraction {unknown}
 q - a potion of ambrosia {unknown}
 u - a potion of enlightenment {unknown}
 x - a potion of heal wounds {unknown}
 z - 2 potions of mutation {unknown}


   Skills:
 + Level 7.0 Fighting
 * Level 13.8 Axes
 + Level 2.1 Throwing
 + Level 5.8 Armour
 + Level 4.2 Dodging
 + Level 5.0 Shields


You had 9 spell levels left.
You didn't know any spells.
Your spell library was empty.

Dungeon Overview and Level Annotations

Branches:
Dungeon (8/15)             Temple (0/1) D:5            Lair (1/5) D:8
 Bailey (visited)

Altars:
Cheibriados
Nemelex Xobeh
Okawaru
Ru
Trog
Xom
Zin
The Shining One

Shops:
D:6 =

Annotations:
D:3 1 runed translucent door, Ijustatesigmund's ghost, amateur GrEE


Message History

You hit the komodo dragon. You hit the yak.
You feel sick. The komodo dragon bites you!
You block the komodo dragon's attack.
You slash the komodo dragon!
You kill the komodo dragon!
Trog accepts your kill.
You hit the komodo dragon. You hit the yak. You barely miss the yak.
You feel sick. The yak gores you. The yak gores you!
The komodo dragon closely misses you.
Your Fighting skill increases to level 7!
Your Shields skill increases to level 5!
You slash the yak!
The yak is severely wounded.
You hit the komodo dragon but do no damage.
You barely miss the yak.
You feel sick. The yak closely misses you. The yak barely misses you.
The komodo dragon barely misses you.
You hit the yak but do no damage.
The yak is severely wounded.
You hit the komodo dragon but do no damage.
You slash the yak! x2; You feel sick. You block the yak's attack.
The yak gores you but does no damage. You block the yak's attack.
The komodo dragon bites you but does no damage.
You barely miss the yak.
The yak is heavily wounded.
You slash the komodo dragon! You completely miss the yak. You hit the yak.
You slash the yak! The yak gores you. x4
You are too injured to fight recklessly!
You feel sick.
You are no longer poisoned.
The komodo dragon bites you!
* * * LOW HITPOINT WARNING * * *
The yak gores you.
* * * LOW HITPOINT WARNING * * *
You block the yak's attack.
You see here a river rat corpse.
Your skin crawls.
You feel strong-willed. You block the komodo dragon's attack.
The yak gores you!
* * * LOW HITPOINT WARNING * * *
You block the yak's attack. The yak gores you!
You die...

....... ...#
.......#...##
.......P....
...........#
.....+...#
...#...##
.#####.#....####
......Y@........
......YYl.......
.......Y........
.$..............
................
.##.###......#..
... .......# .
... #.......# ..
.......##


You could see a komodo dragon and 4 yaks.

Vanquished Creatures
  A komodo dragon (Lair:1)
  Grinder (D:5)
  Prince Ribbit (D:6)
  A wyvern (D:7)
  A steam dragon (D:6)
  5 water moccasins
  2 ice beasts
  A black bear (D:4)
  A sky beast (D:7)
  2 ogres
  3 centaurs
  A phantom (D:5)
  A kobold brigand (D:7)
  5 bullfrogs
  A scorpion (D:5)
  2 bombardier beetles
  A howler monkey (D:6)
  8 crimson imps (D:7)
  3 jellies
  3 orc priests
  6 hounds
  2 iguanas (D:5)
  A sleepcap (D:6)
  Jessica (D:2)
  5 orc wizards
  A hound zombie (D:8)
  2 gnolls (Bailey)
  7 adders
  A river rat (Lair:1)
  3 shadow imps
  2 white imps (D:6)
  An adder zombie (D:8)
  A dart slug (D:5)
  2 ribbon worms (D:2)
  19 orcs
  8 ball pythons
  4 endoplasms
  A giant cockroach (D:2)
  11 hobgoblins
  3 jackals (D:4)
  13 kobolds
  7 quokkas
  6 bats
  4 frilled lizards
  12 goblins
  4 rats
171 creatures vanquished.

Notes
Turn   | Place    | Note
-------+----------+-------------------------------------------
     0 | D:1      | raph the Hill Orc Berserker began the quest for the Orb.
     0 | D:1      | Reached XP level 1. HP: 19/19 MP: 1/1
   128 | D:1      | Reached XP level 2. HP: 17/26 MP: 2/2
   245 | D:1      | Reached skill level 5 in Axes
   349 | D:1      | Found a faded altar of an unknown god.
  1001 | D:2      | Reached XP level 3. HP: 31/31 MP: 3/3
  1239 | D:2      | Reached ** piety under Trog
  1394 | D:2      | Reached skill level 6 in Axes
  1450 | D:2      | Noticed Jessica
  1462 | D:2      | Killed Jessica
  1463 | D:2      | Reached XP level 4. HP: 39/39 MP: 4/4
  2246 | D:3      | Reached skill level 7 in Axes
  2505 | D:3      | Found a runed translucent door.
  2508 | D:3      | Noticed Ijustatesigmund's ghost (amateur GrEE)
  2638 | D:3      | Reached XP level 5. HP: 21/45 MP: 5/5
  2841 | D:4      | Reached skill level 8 in Axes
  3681 | D:4      | Noticed a black bear
  3691 | D:4      | Killed a black bear
  3692 | D:4      | Reached skill level 9 in Axes
  3692 | D:4      | Reached XP level 6. HP: 51/51 MP: 6/6
  3911 | D:5      | Entered Level 5 of the Dungeon
  3974 | D:5      | Found a staircase to the Ecumenical Temple.
  3985 | D:5      | Reached skill level 10 in Axes
  3985 | D:5      | Reached XP level 7. HP: 51/57 MP: 7/7
  4199 | D:5      | Reached skill level 11 in Axes
  4199 | D:5      | Reached skill level 1 in Shields
  4526 | D:5      | Found a glowing silver altar of Zin.
  4533 | D:5      | Reached *** piety under Trog
  4534 | D:5      | Reached XP level 8. HP: 66/66 MP: 8/8
  4853 | D:5      | Noticed Grinder
  4879 | D:5      | Killed Grinder
  5119 | D:6      | Noticed Prince Ribbit
  5145 | D:6      | Killed Prince Ribbit
  5146 | D:6      | Reached skill level 5 in Fighting
  5204 | D:6      | Reached skill level 12 in Axes
  5343 | D:6      | Reached XP level 9. HP: 45/74 MP: 9/9
  5453 | D:6      | Found Pychia's Jewellery Emporium.
  6537 | D:7      | Found a flagged portal.
  6586 | Bailey   | Entered a bailey
  6594 | Bailey   | Reached skill level 13 in Axes
  6599 | Bailey   | Reached skill level 5 in Armour
  6981 | D:7      | Found a sacrificial altar of Ru.
  6981 | D:7      | Found a snail-covered altar of Cheibriados.
  6983 | D:7      | Found a sparkling altar of Nemelex Xobeh.
  7092 | D:7      | Reached skill level 1 in Throwing
  7105 | D:7      | Found a glowing golden altar of the Shining One.
  7145 | D:6      | Bought an amulet of regeneration for 420 gold pieces
  7185 | D:7      | Found an iron altar of Okawaru.
  7273 | D:7      | Reached XP level 10. HP: 79/84 MP: 10/10
  7430 | D:7      | Found a shimmering altar of Xom.
  7430 | D:7      | Identified the +1 sling "Suxzow Jext" {flame, rF++ rN+
                  | Will-}
  7741 | D:7      | Found a bloodstained altar of Trog.
  8242 | D:8      | Noticed a death yak
  8318 | D:8      | Found a staircase to the Lair.
  8325 | D:8      | Noticed a death yak
  8328 | Lair:1   | Entered Level 1 of the Lair of Beasts
  8340 | Lair:1   | Reached skill level 5 in Shields
  8344 | Lair:1   | Slain by a yak

Illustrated notes

Levels and vault maps discovered:
D:1:      roderic_crossed_star, layout_rooms, shapermc_ecumenical_altar_ellora,
          columned_hall_lemuel, chequers_jeans
D:2:      layout_basic, uniq_jessica
D:3:      layout_rooms, ebering_ghost_inner_flame, minmay_goblin_outpost
D:4:      corexii_shack_village, layout_loops_ring, kennysheep_big_empty_room,
          nicolae_zig_zag_zippers
D:5:      layout_basic, lemuel_crystal_altar, minmay_temple_entry_glass,
          uniq_grinder
D:6:      layout_loops_ring, serial_shops, nicolae_shop_tiny_glass,
          hangedman_minor_gate_pass, uniq_prince_ribbit1
D:7:      layout_layer_cave, xom_teletrap_fun, grunt_temple_overflow_open,
          nicolae_overflow_quartered_altars, enter_bailey_3, minmay_nine_imps
D:8:      layout_basic, regret_index_kikubaaqudgha_part_by_part,
          dpeg_lair_monsters
Lair:1:   layout_regular_city

Skill      XL: |  1  2  3  4  5  6  7  8  9 10 |
---------------+-------------------------------+-----
Axes           | 5 6 7 9 10 11 12 13 | 13.8
Shields        | 1 3 4 5 |  5.0
Fighting       | 4 5 6 7 |  7.0
Dodging        | 2 3 4 |  4.2
Armour         | 4 5 |  5.8
Throwing       | 1 2 |  2.1

Action                     |  1- 3 |  4- 6 |  7- 9 | 10-12 || total
---------------------------+-------+-------+-------+-------++-------
  Melee: Hand axe          |   112 |   151 |   263 |       ||   526
         Punch             |       |     1 |       |       ||     1
         War axe           |       |       |    70 |    50 ||   120
  Throw: Dart              |       |    17 |    17 |       ||    34
 Invoke: Berserk           |     1 |     2 |    10 |       ||    13
         Trog's Hand       |       |     1 |     5 |     1 ||     7
  Evoke: Wand              |       |       |     3 |       ||     3
    Use: Scroll            |     4 |    11 |     4 |       ||    19
   Stab: Sleeping          |     1 |       |       |       ||     1
 Armour: Animal skin       |    65 |     9 |       |       ||    74
         Ring mail         |       |    35 |       |       ||    35
         Chain mail        |       |    38 |   309 |    40 ||   387
  Dodge: Dodged            |    74 |    58 |   137 |    22 ||   291
  Block: Buckler           |       |    16 |    69 |    10 ||    95
